 Dungeon Crawl Stone Soup version 0.16.1 (webtiles) character file.

272 Sixotanaka the Conjurer (level 6, -4/36 HPs)
             Began as a High Elf Conjurer on Mar 23, 2015.
             Slain by a worker ant (5 damage)
             ... on level 4 of the Dungeon.
             The game lasted 00:07:01 (2450 turns).

Sixotanaka the Conjurer (High Elf Conjurer)         Turns: 2450, Time: 00:07:01

Health: -4/36      AC:  3    Str:  7    XL:     6   Next: 2%
Magic:  9/18       EV: 12    Int: 20    God:
Gold:   151        SH:  0    Dex: 17    Spells: 2 memorised, 10 levels left

rFire  . . .     SeeInvis .     i - +0 short sword
rCold  . . .     Clarity  .     n - +0 leather armour
rNeg   . . .     SustAb   .     (no shield)
rPois  .         Gourm    .     (no helmet)
rElec  .         Spirit   .     (no cloak)
rCorr  .         Warding  .     (no gloves)
rMut   .         Stasis   .     (no boots)
MR     .....                    (no amulet)
Stlth  ++........               (no ring)
                                (no ring)

@: lethally poisoned (-4 -> -13), not resistant to hostile enchantments,
unstealthy
A: no striking features
a: no special abilities


You were on level 4 of the Dungeon.
You were hungry.

You visited 1 branch of the dungeon, and saw 4 of its levels.

You collected 151 gold pieces.


   Skills:
 - Level 2.1 Dodging
 - Level 2.1 Stealth
 + Level 4.4 Spellcasting
 + Level 7.0 Conjurations


You had 10 spell levels left.
You knew the following spells:

 Your Spells              Type           Power        Failure   Level  Hunger
x - Searing Ray           Conj           ####..       1%          2    #......
z - Magic Dart            Conj           ####         1%          1    None


Dungeon Overview and Level Annotations

Branches:
Dungeon (4/15)
 Temple: D:4-7

Altars:
Qazlal
Xom

Annotations:
D:2 exclusion: downstairs

Inventory:

Hand weapons
 i - a +0 short sword (weapon)
Missiles
 f - 14 curare-tipped needles
Armour
 a - a +0 robe
 n - a +0 leather armour (worn)
Jewellery
 g - an uncursed ring of poison resistance {unknown}
Scrolls
 k - a scroll of fear {unknown}
 l - a scroll of immolation {unknown}
 m - a scroll of enchant armour {unknown}
 q - a scroll of remove curse {unknown}
 r - a scroll of identify {unknown}
 s - a scroll of teleportation {unknown}
 u - a scroll of fog {unknown}
Potions
 d - a potion of lignification {unknown}
 e - a potion of heal wounds {unknown}
 h - a potion of curing {unknown}
 j - a potion of restore abilities {unknown}
 p - a potion of degeneration {unknown}
 t - a potion of brilliance {unknown}
Books
 c - a book of Conjurations
Comestibles
 b - 2 bread rations
 o - a chunk of flesh
 v - a meat ration

#..##.#.###.#.#########
.####..##.#.# #.#.#
........#.#.# #.#.#
.####...#.#.###.#.#
........#.........#
.####..##.#######.#
.####..##.#######.#
.......##.......a.#
.####...........@.#
#.############# ###


You could see a worker ant.


Message History

o - 5 chunks of flesh (gained 1)
Found an escape hatch in the ceiling.
A kobold comes into view.
A kobold is nearby!
The magic dart hits the kobold.
You kill the kobold!
You can't see any susceptible monsters within range! (Use Z to cast anyway.) Unknown command.
Unknown command.
Things that are here:
3 stones; a kobold corpse A rat comes into view.
A rat is nearby!
A rat is nearby!
The magic dart hits the rat.
You kill the rat!
You see here a rat corpse.
Some of the chunks of flesh in your inventory have rotted away.
An adder comes into view.
An adder is nearby!
An adder is nearby!
An adder is nearby!
The magic dart hits the adder.
The magic dart hits the adder.
You kill the adder!
Your Conjurations skill increases to level 7!
You start resting.
A worker ant comes into view.
Found 11 stones.
A worker ant is nearby!
A worker ant comes into view.
The magic dart hits the worker ant.
The worker ant twitches its antennae in your direction.
The magic dart hits the worker ant.
The worker ant twitches its antennae in your direction.
The worker ant barely misses you. The worker ant bites you.
The magic dart hits the worker ant.
The worker ant closely misses you.
You don't know that spell.
The searing ray hits the worker ant.
The worker ant bites you.
You are poisoned.
The worker ant poisons you!
The searing ray hits the worker ant.
You feel sick. The worker ant barely misses you.
The searing ray hits the worker ant.
You kill the worker ant!
You have reached level 6!
Your experience leads to an increase in your attributes!
Increase (S)trength, (I)ntelligence, or (D)exterity?
You feel clever.
You feel agile.
You feel sick. The worker ant bites you.
* * * LOW HITPOINT WARNING * * *
The searing ray misses the worker ant.
The worker ant bites you.
* * * LOW HITPOINT WARNING * * *
You are feeling hungry.
You feel sick. The worker ant bites you.
* * * LOW HITPOINT WARNING * * *
Drink which item? (? for menu, Esc to quit)
Okay, then.
Okay, then.
You feel sick.
You feel sick. The worker ant bites you.
* * * LOW HITPOINT WARNING * * *
You feel sick. The worker ant closely misses you.
The searing ray hits the worker ant.
You feel sick. The worker ant bites you.
* * * LOW HITPOINT WARNING * * *
You are more poisoned.
The worker ant poisons you!
The searing ray hits the worker ant.
The worker ant bites you.
You die...

Action                   |  1- 3 |  4- 6 || total
-------------------------+-------+-------++-------
Melee: Short sword       |     1 |       ||     1
 Cast: Magic Dart        |    69 |    36 ||   105
       Searing Ray       |       |     3 ||     3
 Stab: Sleeping          |     1 |       ||     1
  Eat: Bread ration      |     1 |       ||     1

Vault maps used:
D:1:      shiori_arrival_oz, hex_tiny, corexii_corridor_pit
D:2:      grunt_temple_overflow_open
D:3:      nicolae_ru_the_path_less_chosen, uniq_grinder, uniq_iyjb
D:4:      gammafunk_temple_overflow_wave, serial_shops, kennysheep_mini,
          minmay_tree_intersection, kennysheep_generic_room_10

Notes
Turn   | Place    | Note
--------------------------------------------------------------
     0 | D:1      | Sixotanaka, the High Elf Conjurer, began the quest for the Orb.
     0 | D:1      | Reached XP level 1. HP: 11/11 MP: 4/4
   332 | D:1      | Reached XP level 2. HP: 17/17 MP: 3/6
   414 | D:1      | Reached skill level 5 in Conjurations
  1045 | D:2      | Found a shimmering altar of Xom.
  1048 | D:2      | Found a stormy altar of Qazlal.
  1071 | D:2      | Reached XP level 3. HP: 21/21 MP: 1/8
  1137 | D:2      | Learned a level 2 spell: Searing Ray
  1654 | D:3      | Noticed an ogre
  1778 | D:3      | Reached skill level 6 in Conjurations
  1791 | D:3      | Fiveotanaka: man
  1827 | D:2      | Fiveotanaka: i did elf and all and i still have 1* MR
  1837 | D:4      | Sixotanaka: i had +++ in extended
  1844 | D:4      | Reached XP level 4. HP: 27/27 MP: 6/11
  1959 | D:4      | Reached skill level 3 in Spellcasting
  2154 | D:4      | Noticed an ogre
  2156 | D:4      | Fiveotanaka: I now have better resistances after elf
  2163 | D:4      | Fiveotanaka: but still 1* MR sucks
  2178 | D:4      | Killed an ogre
  2178 | D:4      | Reached XP level 5. HP: 31/31 MP: 8/15
  2248 | D:4      | Reached skill level 4 in Spellcasting
  2403 | D:4      | Reached skill level 7 in Conjurations
  2435 | D:4      | Reached XP level 6. HP: 22/36 MP: 11/18
  2437 | D:4      | HP: 8/36 [worker ant (6)]
  2442 | D:4      | HP: 7/36 [poisoned by a worker ant]
  2449 | D:4      | HP: 4/36 [poisoned by a worker ant]
  2449 | D:4      | HP: 1/36 [worker ant (3)]
  2450 | D:4      | Slain by a worker ant

Vanquished Creatures
  An ogre (D:4)
  An iguana (D:4)
  3 worker ants (D:4)
  4 adders
  A giant mite (D:2)
  2 giant geckos
  A giant cockroach (D:2)
  10 goblins
  4 hobgoblins
  9 kobolds
  7 bats
  4 giant newts
  9 rats
56 creatures vanquished.
